Map: Bridgehead LE (Void)

Players

wabbajack - Winner!

  • Race: Zerg Zerg
  • League: Grandmaster

VOD

Have the link to the VOD?

Description

Time

  • Played on: July 15, 2015, 9:12 p.m.
  • Length: 4:45
Show
View Real Time Build Order
Export as new Build Order

wabbajack Zerg - Winner!

Build Orders: Hatch First 

Get SALT Encoding   

  12  0:02  Drone  
  12  0:14  Overlord  
  12  0:18  Drone  
  12  0:25  Extractor  
  12  0:26  Drone  
  12  0:33  Drone  
  12  0:47  Drone  
  12  0:55  Hatchery  
  12  0:58  Drone  
  12  1:00  Drone  
  12  1:02  Extractor  
  12  1:10  Drone  
  12  1:20  Spawning Pool  
  12  1:23  Drone  
  12  1:37  Drone  
  12  1:43  Overlord  
  12  2:07  Queen  
  12  2:08  Queen  
  12  2:12  Metabolic Boost  
  12  2:16  Drone  
  12  2:17  Drone x3  
  12  2:22  Drone  
  12  2:43  Pneumatized Carapace  
  12  2:49  Overlord  
  12  2:50  Zergling x4  
  12  2:51  Zergling x6  
  12  3:23  Zergling x6  
  12  3:24  Zergling x2  
  12  3:25  Zergling x10  
  12  3:26  Zergling x4  
  12  3:30  Overlord  
  12  3:38  Lair  
  12  4:11  Drone x4  
  12  4:12  Hatchery, Drone x5  
Tags
 
Add a new tag
Caveats
  • Supply blocks, unpowered buildings, or Contaminate may cause inaccurate times.
  • Supply counts are checked every 10 seconds.